 Dungeon Crawl Stone Soup version 0.17-a0-2122-g03d97ec (webtiles) character file.

60 septik the Cudgeler (level 3, -1/31 HPs)
             Began as a Minotaur Berserker on Oct 21, 2015.
             Was a Believer of Trog.
             Slain by Sigmund
             ... wielding a +0 scythe
              (10 damage)
             ... on level 2 of the Dungeon.
             The game lasted 00:03:19 (1201 turns).

septik the Cudgeler (Minotaur Berserker)            Turns: 1201, Time: 00:03:19

Health: -1/31      AC: 11    Str: 21    XL:     3   Next: 80%
Magic:  2/2        EV:  6    Int:  4    God:    Trog [**....]
Gold:   52         SH:  0    Dex: 10    Spells: 0 memorised, 2 levels left

rFire  . . .     SeeInvis .     i - -3 dagger (curse)
rCold  . . .     Clarity  .     s - +0 plate armour
rNeg   . . .     SustAt   +     (no shield)
rPois  .         Gourm    .     (helmet restricted)
rElec  .         Spirit   .     (no cloak)
rCorr  .         Warding  .     (no gloves)
rMut   .         Stasis   .     (no boots)
MR     .....                    (no amulet)
Stlth  ..........               (no ring)
                                l - ring of sustain attributes

@: exhausted, starving, slowed, very slow, not resistant to hostile
enchantments, extremely unstealthy
A: retaliatory headbutt, horns 2
a: Berserk, Trog's Hand, Burn Spellbooks, Renounce Religion


You were on level 2 of the Dungeon.
You worshipped Trog.
Trog was pleased with you.
You were starving.

You visited 1 branch of the dungeon, and saw 2 of its levels.

You collected 52 gold pieces.

Inventory:

Hand Weapons
 a - a +0 mace
 g - a +0 whip
 i - a cursed -3 dagger (weapon)
Missiles
 f - 85 stones (quivered)
Armour
 b - a +0 animal skin
 s - a +0 plate armour (worn)
Jewellery
 l - a ring of sustain attributes (left hand)
Scrolls
 h - 2 scrolls of identify {unknown}
 k - a scroll of noise {unknown}
 m - a scroll of teleportation {unknown}
 n - a scroll of amnesia {unknown}
 o - a scroll of enchant armour {unknown}
 t - a scroll of enchant weapon {unknown}
Potions
 e - 2 potions of haste {unknown}
 j - a potion of beneficial mutation {unknown}
 p - a potion of mutation {unknown}
 u - 3 potions of curing {unknown}
 v - a potion of poison {unknown}
Comestibles
 c - a bread ration
 d - a meat ration
 q - a beef jerky
 w - a slice of pizza
 x - 6 fruits


   Skills:
 - Level 3.6 Fighting
 + Level 5.8 Maces & Flails
 - Level 2.4 Armour
 - Level 2.1 Dodging


You had 2 spell levels left.
You didn't know any spells.

Dungeon Overview and Level Annotations

Branches:
Dungeon (2/15)

Altars:

Annotations:
D:2 Sigmund


Innate Abilities, Weirdness & Mutations

You reflexively headbutt those who attack you in melee.
You have a pair of horns on your head.


Message History

Sigmund closely misses you.
You bump into the rock wall.
You feel less confused. Sigmund completely misses you.
You hit Sigmund but do no damage.
Sigmund is severely wounded.
Sigmund casts a spell at you.
You are confused.
Sigmund hits you but does no damage.
You bump into the rock wall.
Sigmund casts a spell.
Sigmund flickers and vanishes!
Deactivating autopickup; reactivate with Ctrl-A.
Something hits you!
* * * LOW HITPOINT WARNING * * *
You are starving!
You bump into the rock wall.
You feel less confused. Something hits you!
You die...

#.# #.# ###.###
#.....####
########.###....#
#....$...# #.##.#
#.##.#.#.###.# #
#.#@#.....#
..#.##@..##
####.##.#.#
#.##.#.# #.##.#.#
..##.... ######.#
#.# #.#


There were no monsters in sight!

Vanquished Creatures
  Jessica (D:2)
  An adder (D:2)
  A giant cockroach (D:1)
  2 goblins
  2 hobgoblins
  5 jackals
  7 bats
  4 kobolds (D:1)
23 creatures vanquished.

Notes
Turn   | Place    | Note
--------------------------------------------------------------
     0 | D:1      | septik the Minotaur Berserker began the quest for the Orb.
     0 | D:1      | Reached XP level 1. HP: 19/19 MP: 0/0
   116 | D:1      | Reached skill level 4 in Maces & Flails
   159 | D:1      | Reached XP level 2. HP: 26/26 MP: 1/1
   916 | D:2      | Noticed Jessica
   920 | D:2      | Killed Jessica
   920 | D:2      | Reached skill level 5 in Maces & Flails
   920 | D:2      | Reached XP level 3. HP: 31/31 MP: 2/2
   940 | D:2      | Found a faded altar to an unknown god.
   954 | D:2      | Reached ** piety under Trog
  1174 | D:2      | Noticed Sigmund
  1201 | D:2      | Slain by Sigmund

Vault maps used:
D:1:      tarquinn_simple_flora_water_a
D:2:      old_standard_altar, ecumenical_altar_2, uniq_sigmund, uniq_jessica,
          uniq_crazy_yiuf_cottage

Action                   || total
-------------------------++-------
Melee: Whip              ||    11
       Dagger            ||    87
       Mace              ||     3
Invok: Berserk           ||     2
  Eat: Chunk             ||     1
